 Dungeon Crawl Stone Soup version 0.29-a0-857-g9b1aa3ac5b (webtiles) character file.

Game seed: 3845149557679902081

87 concernfroge the Trooper (level 4, 0/39 HPs)
             Began as a Mummy Monk on July 17, 2022.
             Slain by an orc wizard
             ... wielding a +0 dagger
              (1 damage)
             ... on level 1 of the Dungeon.
             The game lasted 00:03:48 (2275 turns).

concernfroge the Trooper (Mummy Monk)               Turns: 2275, Time: 00:03:48

Health: 0/39       AC:  3    Str: 16    XL:     4   Next: 28%
Magic:  4/4        EV: 12    Int:  9    God:
Gold:   50         SH:  0    Dex: 14    Spells: 3/3 levels left

rFire   x . .      SeeInvis .   f - +1 war axe
rCold   + . .      Faith    .   (no shield)
rNeg    + + +      Spirit   .   a - +0 leather armour
rPois   ∞          Reflect  .   (no helmet)
rElec   .          Harm     .   (no cloak)
rCorr   .          Rampage  .   (no gloves)
Will    .....                   (no boots)
Stlth   +.........              (no amulet)
HPRegen 0.13/turn               (no ring)
MPRegen 0.09/turn               (no ring)

@: confused
A: cold resistance 1, negative energy resistance 3, torment resistance 2, heat
vulnerability 1, in touch with death 1, no potions
a: no special abilities


You were on level 1 of the Dungeon.
You visited 1 branch of the dungeon, and saw 2 of its levels.

You collected 50 gold pieces.

Inventory:

Hand Weapons
 f - a +1 war axe (weapon)
Armour
 a - a +0 leather armour (worn)
Scrolls
 c - 2 scrolls of identify


   Skills:
 + Level 5.1 Fighting
 - Level 2.4 Axes
 - Level 2.4 Dodging
 - Level 1.5 Stealth


You had 3 spell levels left.
You didn't know any spells.
Your spell library was empty.

Dungeon Overview and Level Annotations

Branches:
Dungeon (2/15)

Altars:


Innate Abilities, Weirdness & Mutations

You are immune to poison.
Your flesh is cold resistant. (rC+)
You are immune to negative energy. (rN+++)
You are immune to unholy pain and torment.
You are vulnerable to heat. (rF-)
You are in touch with the powers of death.
You do not drink.


Message History

Deactivating autopickup; reactivate with Ctrl-A.
You closely miss something. Something hits you. x2
You barely miss something. Something hits you.
You closely miss something. Something hits you.
You hit something but do no damage.
You hear some strange, mumbled words.
You are confused.
Something hits you.
You miss something.
You hear some strange, mumbled words.
You are more confused.
You bump into the rock wall.
Something hits you but does no damage.
You barely miss something.
You hear some strange, mumbled words.
Something tries to affect you, but you resist.
Something hits you but does no damage.
You bump into the rock wall.
Something hits you.
* * * LOW HITPOINT WARNING * * *
You completely miss something.
You hear some strange, mumbled words.
A magic dart appears from out of thin air!
The magic dart hits you!
* * * LOW HITPOINT WARNING * * *
You barely miss something.
You hear some strange, mumbled words.
You are more confused.
You completely miss something. Something hits you but does no damage.
You hear some strange, mumbled words.
Something tries to affect you, but you resist.
You completely miss something.
You hear some strange, mumbled words.
You are more confused.
Something hits you but does no damage.
You're too confused to move!
Something hits you.
* * * LOW HITPOINT WARNING * * *
You completely miss something. Something hits you but does no damage.
Something hits you.
* * * LOW HITPOINT WARNING * * *
Something hits you.
You die...

# #......!..#
#............... #
######...)##
##.##########.... #
#..#..###.## ##...
#########..#.#....# #..#
.............###..# #####
#.## #########..###
#..###...## #.#
#..#####..##.###.## #.#
#...........## ##.####.#
#.######@.#.# #......##
#.......>.#.## ##.###....
########.###.###.#####.##
#.####.....)....#
#........########
##########


There were no monsters in sight!

Vanquished Creatures
  An orc priest (D:2)
  An orc wizard (D:1)
  A dart slug (D:1)
  4 bats
  3 endoplasms (D:1)
  4 goblins (D:1)
  5 kobolds
  A quokka (D:1)
  5 ball pythons
  4 frilled lizards
  5 rats (D:1)
34 creatures vanquished.

Notes
Turn   | Place    | Note
-------+----------+-------------------------------------------
     0 | D:1      | concernfroge the Mummy Monk began the quest for the Orb.
     0 | D:1      | Reached XP level 1. HP: 18/18 MP: 1/1
   459 | D:1      | Reached XP level 2. HP: 22/24 MP: 2/2
   911 | D:1      | Found a faded altar of an unknown god.
  1053 | D:1      | Reached skill level 4 in Fighting
  1633 | D:2      | Gained mutation: You are in touch with the powers of death.
                  | [Mummy growth]
  1633 | D:2      | Reached XP level 3. HP: 27/30 MP: 3/3
  2082 | D:1      | Reached skill level 5 in Fighting
  2082 | D:1      | Reached XP level 4. HP: 17/39 MP: 4/4
  2274 | D:1      | HP: 1/39 [something (1)]
  2275 | D:1      | Slain by an orc wizard

Illustrated notes

Levels and vault maps discovered:
D:1:      dpeg_arrival_boxes_within_box, layout_loops_ring,
          ebering_ecumenical_altar_sacrificial, chequers_serial_rivers_large_b
D:2:      cheibrodos_pilgrimage, layout_loops_ring

Skill      XL: |  1  2  3 |
---------------+----------+-----
Fighting       | 4 5 |  5.1
Axes           | |  2.4
Dodging        | |  2.4
Stealth        | |  1.5

Action                   |  1- 3 |  4- 6 || total
-------------------------+-------+-------++-------
Melee: Hand axe          |    63 |       ||    63
       War axe           |    28 |    20 ||    48
  Use: Scroll            |     4 |       ||     4
 Stab: Sleeping          |     1 |       ||     1
Armor: Robe              |     8 |       ||     8
       Leather armour    |    10 |     9 ||    19
Dodge: Dodged            |    59 |     3 ||    62

Table legend: (Time is in decaauts)
 A = Elapsed time spent in this place.
 B = Non-inter-level travel time spent in this place.
 C = Inter-level travel time spent in this place.
 D = Time resting spent in this place.
 E = Time spent auto-exploring this place.
 F = Levels seen in this place.
 G = Mean time per level.
                   A        B        C        D        E       F      G
               +--------+--------+--------+--------+--------+-----+--------+
         Total |   2332 |   2279 |     53 |    388 |   1597 |   2 | 1166.0 |
       Dungeon |   2332 |   2279 |     53 |    388 |   1597 |   2 | 1166.0 |
               +--------+--------+--------+--------+--------+-----+--------+

Top non-repeatable levels by time:
     D:1: 1872 daAuts
     D:2: 459 daAuts
